 Dungeon Crawl Stone Soup version 0.32-a0-938-g40ac7a0f4d (webtiles) character file.

Game seed: 13565388731274810678

7779 ezpacito the Chopper (level 11, -3/84 HPs)
             Began as a Coglin Chaos Knight on Apr 15, 2024.
             Was a Plaything of Xom.
             Slain by an orc warrior
             ... wielding a +0 glaive
              (13 damage)
             ... in a bailey.
             The game lasted 00:12:20 (7619 turns).

ezpacito the Chopper (Coglin Chaos Knight)          Turns: 7619, Time: 00:12:20

Health: -3/84      AC: 17    Str: 19      XL:     11   Next: 20%
Magic:  34/34      EV:  7    Int: 10 (12) God:    Xom [*.....]
Gold:   487        SH:  4    Dex: 15 (17) Spells: 16/16 levels left

rFire   + . .        k - +7 scimitar "Zuoxt" {heavy, rF+ MP+9}
rCold   . . .        b - +8 flail "Riluk" {flame, MP+9 Str+3 Dex+3}
rNeg    . . .        A - +5 plate armour of Gravitas {rCorr Slay+3 Stlth+}
rPois   .            (no helmet)
rElec   .            p - scarf {repulsion}
rCorr   +            (no gloves)
SInv    .            (no boots)
Will    .....        (amulet unavailable) Stlth
                     (ring unavailable)
HPRegen 0.34/turn    (ring unavailable)
MPRegen 0.24/turn    (no gizmo)

%: repel missiles
@: revving
A: off-hand wielding, slow wielding, warmup strikes, no jewellery, large bone
plates 1, deterioration 1, wild magic 1
a: Invent Gizmo, Renounce Religion


You were in a bailey.
You worshipped Xom.
You were a special plaything of Xom.
You visited 1 branch of the dungeon, and saw 9 of its levels.
You also visited: Ossuary and Bailey.

You collected 487 gold pieces.

Inventory:

Hand Weapons
 a - a +0 hand axe of chaos {Haoran}
 b - the +8 flail "Riluk" (offhand) {flame, MP+9 Str+3 Dex+3}
   (You took it off a goblin on level 9 of the Dungeon)

   Str+3:     It affects your strength (+3).
   Dex+3:     It affects your dexterity (+3).
   MP+9:      It affects your magic capacity (+9).
 k - the +7 scimitar "Zuoxt" (weapon) {heavy, rF+ MP+9}
   (You found it on level 2 of the Dungeon)

   rF+:       It protects you from fire.
   MP+9:      It affects your magic capacity (+9).
 r - a +2 scimitar of flaming
Missiles
 i - 2 throwing nets
 j - 5 javelins
 x - 10 boomerangs (quivered)
 z - 20 poisoned darts
 E - 5 curare-tipped darts
Armour
 p - a scarf of repulsion (worn)
 A - the +5 plate armour of Gravitas (worn) {rCorr Slay+3 Stlth+}
   (You found it on level 3 of the Dungeon)

   Slay+3:    It affects your accuracy & damage with ranged weapons and melee
   (+3).
   rCorr:     It protects you from acid and corrosion.
   Stlth+:    It makes you more stealthy.
Talismans
 s - a flux talisman
Wands
 o - a wand of flame (59)
 G - a wand of paralysis (3)
 H - a wand of polymorph (7)
 K - a wand of acid (4)
 L - a wand of mindburst (11)
 M - a wand of warping (2)
Scrolls
 g - a scroll of enchant weapon
 t - 5 scrolls of teleportation
 w - a scroll of brand weapon
 y - a scroll of summoning
 C - a scroll of blinking {unknown}
 J - a scroll of amnesia
Potions
 c - 5 potions of cancellation {unknown}
 d - 2 potions of might
 e - a potion of mutation {unknown}
 f - 3 potions of brilliance {unknown}
 h - 3 potions of enlightenment
 n - a potion of resistance
 q - 7 potions of curing {unknown}
 v - 3 potions of attraction {unknown}
 B - a potion of lignification
 D - a potion of haste {unknown}
 F - 3 potions of ambrosia


   Skills:
 * Level 7.2 Fighting
 * Level 7.2(8.3) Axes
 * Level 5.7(7.1) Polearms
 + Level 2.1 Ranged Weapons
 + Level 2.0 Throwing
 * Level 6.2 Armour
 * Level 5.7 Dodging
 + Level 3.8 Stealth
 + Level 2.0 Unarmed Combat
 + Level 3.4 Spellcasting
 + Level 5.2 Evocations
 + Level 1.3 Shapeshifting


You had 16 spell levels left.
You didn't know any spells.
Your spell library contained the following spells:

 Spells                   Type           Power      Damage    Failure   Level
 Apportation              Tloc           4%         N/A       100%        1
 Necrotise                Necr           8%         1d4       100%        1
 Slow                     Hex            8%         N/A       100%        1
 Sting                    Conj/Alch      8%         1d3       100%        1
 Summon Small Mammal      Summ           8%         N/A       100%        1
 Call Canine Familiar     Summ           2%         N/A       100%        3
 Confusing Touch          Hex            2%         N/A       100%        3
 Vampiric Draining        Necr           2%         2d6       100%        3
 Summon Blazeheart Golem  Fire/Summ      2%         N/A       100%        4


Dungeon Overview and Level Annotations

Branches:
Dungeon (9/15)             Temple (0/1) D:5            Lair (0/5) D:9
Ossuary (visited)          Bailey (1/1)
    Orc: D:9-12

Altars:
Ashenzari
Dithmenos
Hepliaklqana
Qazlal
Sif Muna
Uskayaw
Xom
Zin


Innate Abilities, Weirdness & Mutations

You can wield a second weapon in your off-hand.
It takes a long time for you to wield or remove held weapons.
Your first few attacks do less damage.
You cannot equip rings or amulets.
You are partially covered in large bone plates. (SH +4)
Your body sometimes deteriorates upon taking damage.
Your spells are a little harder to cast, but a little more powerful.


Message History

Aiming: Corrosive Bolt
Press: ? - help, Shift-Dir - straight line, f/p - orc warrior
Aim: an orc warrior, wielding a +0 spear and wearing a +0 ring mail (severely wounded, covered in acid, 67% to hit)
The bolt of acid hits the orc warrior!
The orc warrior is heavily wounded.
The bolt of acid misses the orc warrior.
The orc warrior hits you from afar with a +0 spear.
* * * LOW HITPOINT WARNING * * *
You block the orc warrior's attack.
You take 4 damage, and have 16/84 hp.
Hit: k) +7 scimitar "Zuoxt" {heavy, rF+ MP+9}
Press: ? - help, Dir - move target, p - orc warrior
Okay, then.
Aiming: Warp Space
Press: ? - help, Shift-Dir - straight line, f/p - orc warrior
Aim: an orc warrior, wielding a +0 spear and wearing a +0 ring mail (severely wounded, covered in acid, chance to blink: 68%) Space twists violently!
The rupture engulfs the orc warrior!
The orc warrior is almost dead.
The rupture engulfs the orc warrior!!
The orc warrior blinks!
You kill the orc warrior!
The rupture engulfs the orc warrior!
The orc warrior blinks!
You feel a bit more experienced.
The rupture engulfs the orc warrior!
The orc warrior blinks!
The orc warrior is almost dead.
The orc warrior barely misses you.
The orc warrior hits you from afar with a +0 glaive!
* * * LOW HITPOINT WARNING * * *
Your Unarmed Combat skill increases to level 2!
You take 6 damage, and have 10/84 hp.
You slice the orc warrior with the +7 scimitar "Zuoxt"!!
You kill the orc warrior!
You block the orc warrior's attack.
The orc warrior hits you with a +0 glaive.
* * * LOW HITPOINT WARNING * * *
You closely miss the orc warrior with the +7 scimitar "Zuoxt".
The orc warrior is almost dead.
You completely miss the orc warrior with the +8 flail "Riluk".
The orc warrior hits you but does no damage.
The orc warrior hits you with a +0 glaive!
You die...

###################
##≈≈≈≈≈≈≈≈≈≈≈≈≈≈≈≈≈##
##......).o).).).....##
##.....))...@.).......$#
≈≈≈≈#.......⌠##########'####
≈≈≈≈#....#####...)........≈#
≈≈≈≈#..)##....≈≈≈≈≈≈≈≈≈...≈#
≈≈≈≈#.o.#.⌠.≈≈≈.......≈≈..≈##
.≈≈≈#..)#..≈≈..≈≈≈≈≈≈≈....≈≈##
.≈≈≈#..⌠#.≈≈.≈≈≈.....≈≈≈)..≈≈##
≈.≈≈#.)##.≈.≈≈).≈≈≈≈≈..≈≈..⌠≈≈#
#####..#)≈≈.≈.≈≈≈...≈≈≈.≈≈..≈≈#


You could see an orc warrior.

Vanquished Creatures
  3 two-headed ogres (D:9)
  Maggie (D:6)
  Grinder (D:3)
  Sigmund (D:6)
  4 yaks (D:8)
  2 steam dragons
  The ghost of D0namaru the Grave Robber, an amateur DsNe (D:3)
  Duvessa (D:7)
  An acid dragon (D:8)
  A water moccasin (D:7)
  A black bear (D:6)
  2 sky beasts (D:6)
  9 orc warriors
  4 centaurs
  2 ogres (D:5)
  A phantom (D:6)
  2 kobold brigands
  2 gnoll sergeants (D:8)
  2 bullfrogs (D:6)
  8 scorpions
  A wyvern skeleton (D:3)
  Dowan (D:7)
  4 killer bees (D:8)
  3 howler monkeys (D:7)
  A bombardier beetle (D:5)
  A centaur zombie (Ossuary)
  A jelly (D:6)
  7 hounds
  A centaur skeleton (D:3)
  Crazy Yiuf (D:2)
  A gnoll bouda (D:9)
  5 orc priests
  2 sleepcaps
  Jessica (D:2)
  An iguana (D:5)
  An orc wizard (D:9)
  7 scorpion zombies (Ossuary)
  3 mummies (Ossuary)
  15 gnolls
  4 adders
  A shadow imp (D:3)
  A white imp (D:8)
  2 ufetubi (D:7)
  An adder zombie (Ossuary)
  2 ribbon worms (D:2)
  A dart slug (D:4)
  47 orcs
  9 endoplasms
  4 giant cockroaches
  A gnoll zombie (Ossuary)
  9 goblins
  6 hobgoblins
  10 jackals
  A quokka (D:2)
  11 ball pythons
  5 ball python zombies (Ossuary)
  3 bats
  2 frilled lizards
  2 jackal zombies (Ossuary)
  7 kobolds
  An orc zombie (Ossuary)
  4 rats
240 creatures vanquished.

Vanquished Creatures (collateral kills)
  An orc (Bailey)
  A jackal (D:1)
2 creatures vanquished.

Grand Total: 242 creatures vanquished

Notes
Turn   | Place    | Note
-------+----------+-------------------------------------------
     0 | D:1      | ezpacito the Coglin Chaos Knight began the quest for the
                  | Orb.
     0 | D:1      | Reached XP level 1. HP: 18/18 MP: 1/1
     8 | D:1      | XOM: silly message
    64 | D:1      | Reached skill level 1 in Dodging
    71 | D:1      | Reached XP level 2. HP: 20/24 MP: 2/2
   440 | D:1      | XOM: god gift: shortbow {god gift}
   520 | D:1      | XOM: noise
   651 | D:2      | Identified the +7 scimitar "Zuoxt" {heavy, rF+ MP+9}
   690 | D:2      | XOM: cloud trail
   773 | D:2      | Reached XP level 3. HP: 29/29 MP: 3/3
   891 | D:2      | Found a runed translucent door.
   892 | D:2      | Noticed Crazy Yiuf
  1088 | D:2      | Noticed Jessica
  1097 | D:2      | XOM: silly message
  1098 | D:2      | Killed Jessica
  1099 | D:2      | Reached skill level 1 in Polearms
  1099 | D:2      | Reached XP level 4. HP: 9/35 MP: 4/4
  1324 | D:2      | Killed Crazy Yiuf
  1398 | D:3      | Noticed Grinder
  1404 | D:3      | Killed Grinder
  1405 | D:3      | Reached skill level 1 in Stealth
  1405 | D:3      | Reached skill level 1 in Spellcasting
  1405 | D:3      | Reached skill level 1 in Evocations
  1405 | D:3      | Reached XP level 5. HP: 29/42 MP: 6/6
  1405 | D:3      | Reached XP level 6. HP: 34/48 MP: 7/7
  1477 | D:3      | Identified the +5 plate armour of Gravitas {rCorr Slay+3
                  | Stlth+}
  1489 | D:3      | You fall into a shaft and drop 2 floors!
  1489 | D:5      | Entered Level 5 of the Dungeon
  1571 | D:5      | Reached XP level 7. HP: 52/54 MP: 8/8
  1572 | D:5      | XOM: cloud trail
  1636 | D:5      | Found a staircase to the Ecumenical Temple.
  1649 | D:5      | XOM: divination: magic mapping
  1718 | D:5      | XOM: 1-stop teleportation journey
  1738 | D:5      | Found a sand-covered staircase.
  1743 | Ossuary  | Entered an ossuary
  1786 | Ossuary  | XOM: 3-stop teleportation journey
  1787 | Ossuary  | Saving game... please wait.
  1848 | Ossuary  | XOM: silly message
  1883 | Ossuary  | XOM: 1-stop teleportation journey
  1884 | Ossuary  | Reached XP level 8. HP: 61/61 MP: 10/10
  1986 | Ossuary  | XOM: noise
  2154 | Ossuary  | Reached skill level 5 in Axes
  2323 | D:5      | Reached skill level 5 in Fighting
  2377 | D:5      | XOM: snakes to sticks
  2749 | D:4      | Identified the +0 leather armour of the Hidden Thickets
                  | {Rampage rPois Will- Stlth+}
  3095 | D:4      | XOM: silly message
  3336 | D:3      | Found a transporter.
  3339 | D:3      | Noticed D0namaru's ghost (amateur DsNe)
  3342 | D:3      | Found a transporter.
  3500 | D:3      | Found a hazy altar of Hepliaklqana.
  3500 | D:3      | XOM: cloud trail
  3821 | D:3      | Killed D0namaru's ghost
  3823 | D:3      | Reached XP level 9. HP: 54/68 MP: 12/12
  4054 | D:6      | Found a shimmering altar of Xom.
  4056 | D:6      | Found a stormy altar of Qazlal.
  4057 | D:6      | Found a broken altar of Ashenzari.
  4058 | D:6      | Found a hide-covered altar of Uskayaw.
  4058 | D:6      | XOM: confuse monster(s)
  4059 | D:6      | Found a shadowy altar of Dithmenos.
  4069 | D:6      | Found a glowing silver altar of Zin.
  4073 | D:6      | Noticed Maggie
  4080 | D:6      | XOM: silly message
  4084 | D:6      | Killed Maggie
  4101 | D:6      | XOM: 3-stop teleportation journey
  4108 | D:6      | Found a shimmering blue altar of Sif Muna.
  4295 | D:6      | Noticed Sigmund
  4301 | D:6      | Killed Sigmund
  4302 | D:6      | Reached skill level 5 in Armour
  4316 | D:6      | XOM: give mutations
  4316 | D:6      | Gained mutation: You have a beak for a mouth. [Xom's
                  | mischief]
  4316 | D:6      | Gained mutation: You are agile. (Dex +4, Str/Int -1) [Xom's
                  | mischief]
  4316 | D:6      | Gained mutation: Your body sometimes deteriorates upon
                  | taking damage. [Xom's mischief]
  4544 | D:7      | XOM: give mutation
  4544 | D:7      | Lost mutation: You are agile. (Dex +4, Str/Int -1) [Xom's
                  | mischief]
  4607 | D:7      | XOM: summons friendly shadow imp
  4638 | D:7      | XOM: cast spell 'Metabolic Englaciation'
  4761 | D:7      | Reached XP level 10. HP: 73/76 MP: 14/14
  4785 | D:7      | Noticed Dowan
  4785 | D:7      | Noticed Duvessa
  4795 | D:7      | Killed Duvessa
  4806 | D:7      | Killed Dowan
  5631 | D:8      | Reached skill level 1 in Ranged Weapons
  5631 | D:8      | Reached skill level 1 in Throwing
  5631 | D:8      | Reached skill level 5 in Dodging
  5634 | D:8      | Reached skill level 1 in Unarmed Combat
  5793 | D:8      | XOM: noise
  5795 | D:8      | Reached skill level 5 in Polearms
  6040 | D:8      | XOM: give mutations
  6040 | D:8      | Gained mutation: You are partially covered in large bone
                  | plates. (SH +4) [Xom's mischief]
  6040 | D:8      | Lost mutation: You have a beak for a mouth. [Xom's
                  | mischief]
  6052 | D:8      | XOM: scenery: 2 doors close
  6898 | D:9      | Noticed a two-headed ogre
  6900 | D:9      | Killed a two-headed ogre
  7052 | D:9      | XOM: draining
  7067 | D:9      | Noticed a two-headed ogre
  7078 | D:9      | Killed a two-headed ogre
  7079 | D:9      | Reached skill level 1 in Shapeshifting
  7181 | D:9      | Noticed a two-headed ogre
  7181 | D:9      | XOM: enchant monster (good)
  7187 | D:9      | Killed a two-headed ogre
  7188 | D:9      | Reached skill level 5 in Evocations
  7188 | D:9      | Reached XP level 11. HP: 63/84 MP: 16/16
  7202 | D:9      | Found a flagged portal.
  7202 | D:9      | Identified the +8 flail "Riluk" {flame, MP+9 Str+3 Dex+3}
  7230 | Bailey   | Entered a bailey
  7414 | Bailey   | XOM: give mutation
  7414 | Bailey   | Gained mutation: Your spells are a little harder to cast,
                  | but a little more powerful. [Xom's mischief]
  7524 | Bailey   | XOM: summons 4 hostile demons
  7584 | Bailey   | XOM: summons 11 friendly demons
  7619 | Bailey   | Slain by an orc warrior

Illustrated notes

Levels and vault maps discovered:
D:1:      mrwooster_arrival_statue_2, layout_basic,
          corexii_item_surrounded_by_moat
D:2:      layout_rooms, nrook_loot_triangle, uniq_crazy_yiuf_cottage,
          uniq_jessica
D:3:      layout_rooms, worldfamousw_hep_ancestral_shrine,
          gammafunk_ghost_mausoleum, hangedman_feature_mirror,
          minmay_misc_feat_cross, uniq_grinder
D:4:      layout_loops_ring
D:5:      layout_basic, minmay_temple_entry_hall,
          lightli_ossuary_entry_decrepit_ruins, minivault_27
D:6:      layout_cave_pools, mainiacjoe_overflow_six_doors_small,
          grunt_temple_overflow_open, skrybe_limestone_x, st_stairs_13,
          uniq_sigmund, uniq_maggie
D:7:      layout_basic, blue_anna_alchemist, uniq_duvessa
D:8:      layout_loops_corners, chequers_decorated_corner
D:9:      layout_loops_ring, erik_lair_dragon, enter_bailey_3, minivault_10,
          corexii_hall_statues_i, kennysheep_pointless_box
Bailey:   bailey_polearm_flooded_kennysheep, bailey

Skill      XL: |  1  2  3  4  5  6  7  8  9 10 11 |
---------------+----------------------------------+-----
Dodging        | 1 2 3 4 5 |  5.7
Armour         | 2 3 4 5 6 |  6.2
Polearms       | 1 2 3 4 5 |  5.7
Axes           | 4 5 6 7 |  7.2
Stealth        | 1 2 3 |  3.8
Spellcasting   | 1 2 3 |  3.4
Evocations     | 1 2 3 4 5 |  5.2
Fighting       | 4 5 6 7 |  7.2
Ranged Weapons | 1 2 |  2.1
Throwing       | 1 2 |  2.0
Unarmed Combat | 1 2 |  2.0
Shapeshifting  | 1 |  1.3

Action                     |  1- 3 |  4- 6 |  7- 9 | 10-12 || total
---------------------------+-------+-------+-------+-------++-------
  Melee: Hand axe          |    52 |    15 |   154 |    76 ||   297
         Dagger            |    23 |       |       |       ||    23
         Scimitar          |    23 |    19 |   190 |   120 ||   352
         Peck              |       |       |     7 |     7 ||    14
         Flail             |       |       |       |    37 ||    37
  Evoke: Wand              |       |       |       |     7 ||     7
    Use: Potion            |     1 |     4 |     1 |     3 ||     9
         Scroll            |       |     4 |     4 |     4 ||    12
   Stab: Distracted        |     2 |       |     3 |       ||     5
         Sleeping          |       |       |     9 |       ||     9
         Confused          |       |       |     2 |       ||     2
         Petrified         |       |       |       |     1 ||     1
 Armour: Leather armour    |    52 |    14 |    85 |       ||   151
         Plate armour      |       |       |   108 |   245 ||   353
         Skin              |       |       |    12 |       ||    12
  Dodge: Dodged            |    50 |     9 |   115 |    84 ||   258
         Repelled          |       |       |     5 |    12 ||    17
  Block: Other             |       |       |       |    36 ||    36

Table legend: (Time is in decaauts)
 A = Elapsed time spent in this place.
 B = Non-inter-level travel time spent in this place.
 C = Inter-level travel time spent in this place.
 D = Time resting spent in this place.
 E = Time spent auto-exploring this place.
 F = Levels seen in this place.
 G = Mean time per level.
                   A        B        C        D        E       F      G
               +--------+--------+--------+--------+--------+-----+--------+
         Total |   7840 |   7485 |    355 |    258 |   5405 |  11 |  712.7 |
       Dungeon |   6828 |   6473 |    355 |    172 |   5014 |   9 |  758.7 |
       Ossuary |    594 |    594 |      0 |     86 |    264 |   1 |  594.0 |
        Bailey |    416 |    416 |      0 |      0 |    127 |   1 |  416.0 |
               +--------+--------+--------+--------+--------+-----+--------+

Top non-repeatable levels by time:
     D:8: 1429 daAuts
     D:2: 780 daAuts
     D:4: 727 daAuts
     D:3: 717 daAuts
     D:7: 710 daAuts
     D:6: 662 daAuts
     D:1: 644 daAuts
     D:9: 614 daAuts
 Ossuary: 594 daAuts
     D:5: 543 daAuts
  Bailey: 416 daAuts
